 Dungeon Crawl Stone Soup version 0.27.0-1-g7a089689b8 (webtiles) character file.

Game seed: 16760917719562140151

51247 quinnr the Nimble (level 14, -7/82 HPs)
             Began as a Deep Elf Air Elementalist on Aug 8, 2021.
             Was an Initiate of Gozag.
             Splashed by an acid blob's acid (19 damage)
             ... on level 5 of the Lair of Beasts.
             The game lasted 01:21:06 (36109 turns).

quinnr the Nimble (Deep Elf Air Elementalist)      Turns: 36109, Time: 01:21:07

Health: -7/82      AC: -2    Str:  5    XL:     14   Next: 22%
Magic:  35/39      EV: 33    Int: 26    God:    Gozag
Gold:   4393       SH:  0    Dex: 20    Spells: 17/33 levels left

rFire    . . .     SeeInvis .   (weapon currently unavailable)
rCold    . . .     Faith    .   (shield currently unavailable)
rNeg     + . .     Spirit   .   (armour currently unavailable)
rPois    x         Reflect  .   (helmet currently unavailable)
rElec    .         Harm     .   (cloak currently unavailable)
rCorr    .         Rampage  .   (gloves currently unavailable)
Will     +....                  (boots currently unavailable)
Stlth    +++++.....             (no amulet)
HPRegen  0.23/turn              I - ring of magical power
MPRegen  0.26/turn              n - ring of positive energy

@: about to teleport, spider-form (expiring), corroded
A: venomous fangs, tiny
a: End Transformation, Renounce Religion, Potion Petition, Call Merchant, Bribe
Branch


You were on level 5 of the Lair of Beasts.
You worshipped Gozag.
Gozag was most pleased with you.
You were a venomous arachnid creature.
You visited 3 branches of the dungeon, and saw 22 of its levels.

You collected 4463 gold pieces.
You paid 70 gold pieces to Gozag.

Inventory:

Hand Weapons
 o - the +2 glaive "Ateg" {venom, +Rage rN+}
   (You found it on level 5 of the Dungeon)

   It poisons the flesh of those it strikes.
   rN:        It protects you from negative energy.
   +Rage:     It lets you go berserk.
 y - the +12 falchion of Durable Reinforcement {elec, Int+2}
   (You found it on level 6 of the Dungeon)

   It occasionally discharges a powerful burst of electricity upon striking a
   foe.
   Int:       It affects your intelligence (+2).
Missiles
 O - 2 throwing nets
 S - 15 curare-tipped darts
Armour
 a - a +0 robe (melded)
 f - a +1 pair of boots (melded)
 F - a +2 hat (melded)
 K - a +0 pair of gloves (melded)
 W - a scarf of shadows
Magical Staves
 Y - a staff of conjuration (melded)
Jewellery
 c - a +6 ring of intelligence
 e - a ring of fire
 j - a ring of protection from fire
 n - a ring of positive energy (right front leg)
 x - a ring of willpower
 I - a ring of magical power (left front leg)
 X - a +4 ring of slaying
 Z - a ring of protection from fire
Wands
 l - a wand of iceblast (7)
 t - a wand of charming (1)
 J - a wand of polymorph (8)
 Q - a wand of paralysis (16)
 U - a wand of mindburst (7)
Scrolls
 d - 3 scrolls of enchant weapon
 k - 2 scrolls of vulnerability
 p - a scroll of fear
 q - 4 scrolls of amnesia
 s - 2 scrolls of teleportation
 u - 3 scrolls of torment
 w - 4 scrolls of noise
 B - 3 scrolls of immolation
 N - 2 scrolls of enchant armour
Potions
 b - 5 potions of might
 g - 4 potions of curing
 h - 6 potions of magic
 i - 5 potions of lignification
 m - 2 potions of degeneration
 r - 5 potions of flight
 v - a potion of invisibility
 z - 4 potions of mutation
 A - a potion of ambrosia
 C - a potion of resistance
 E - 3 potions of berserk rage
 L - a potion of haste
 P - a potion of attraction
 R - a potion of cancellation
Miscellaneous
 G - a phial of floods (inert)
 H - a condenser vane (inert)
 T - a box of beasts
 V - a tin of tremorstones (2/2)


   Skills:
 - Level 7.0 Fighting
 - Level 2.0 Long Blades
 - Level 4.0 Throwing
 - Level 2.0 Armour
 + Level 14.3 Dodging
 - Level 10.0 Stealth
 - Level 10.0 Spellcasting
 - Level 2.0 Conjurations
 + Level 7.8 Summonings
 + Level 2.8 Transmutations
 - Level 12.0 Air Magic
 - Level 5.0 Invocations
 - Level 9.0 Evocations


You had 17 spell levels left.
You knew the following spells:

 Your Spells              Type           Power      Damage    Failure   Level
a - Shock                 Conj/Air       100%       1d9       2%          1
b - Static Discharge      Conj/Air       49%        N/A       3%          2
c - Call Canine Familiar  Summ           52%        N/A       3%          3
d - Airstrike             Air            33%        N/A       2%          4
e - Mephitic Cloud        Conj/Pois/Air  37%        N/A       8%          3
f - Spider Form           Tmut/Pois      10%        N/A       21%         3

Your spell library contained the following spells:

 Spells                   Type           Power      Damage    Failure   Level
 Swiftness                Air            66%        N/A       1%          3
 Beastly Appendage        Tmut           54%        N/A       6%          1
 Wereblood                Tmut           27%        N/A       9%          2
 Sting                    Tmut/Pois      80%        1d7       10%         1
 Ensorcelled Hibernation  Hex/Ice        26%        N/A       19%         2
 Slow                     Hex            13%        N/A       19%         2
 Silence                  Hex/Air        22%        N/A       26%         5
 Confusing Touch          Hex            13%        N/A       32%         3
 Ozocubu's Armour         Ice            13%        N/A       32%         3
 Portal Projectile        Hex/Tloc       26%        N/A       32%         3
 Vampiric Draining        Necr           6%         2d6       32%         3
 Leda's Liquefaction      Hex/Erth       6%         N/A       63%         4
 Passage of Golubria      Tloc           N/A        N/A       63%         4
 Metabolic Englaciation   Hex/Ice        6%         N/A       90%         5
 Summon Hydra             Summ           26%        N/A       95%         7
 Statue Form              Tmut/Erth      13%        N/A       99%         6
 Simulacrum               Ice/Necr       6%         N/A       100%        6
 Malign Gateway           Summ/Tloc      16%        N/A       100%        7
 Lehudib's Crystal Spear  Conj/Erth      9%         10d4      100%        8
 Shatter                  Erth           6%         3d9*      100%        9


Dungeon Overview and Level Annotations

Branches:
Dungeon (15/15)            Temple (1/1) D:6            Lair (6/6) D:9
  Swamp (0/4) Lair:4       Spider (0/4) Lair:3        Slime (0/5) Lair:5
    Orc (0/2) D:9
 Vaults: D:13-14     Depths: D:15

Altars:
Ashenzari
Elyvilon
Gozag
Hepliaklqana
Kikubaaqudgha
Makhleb
Nemelex Xobeh
Okawaru
Sif Muna
Trog
Uskayaw
Wu Jian
The Shining One
Jiyva

Shops:
D:11 (

Annotations:
D:13 Nessos


Message History

Unknown command.
Casting: Airstrike (safe; 1% risk of failure)
Confirm with . or Enter, or press ? or * to list all spells.
You turn into a venomous arachnid creature.
Your staff of conjuration melds into your body.
Your +2 hat melds into your body.
Your +0 pair of gloves melds into your body.
Your +1 pair of boots melds into your body.
Your +0 robe melds into your body.
Casting: Spider Form (dangerous; 21% risk of failure)
Confirm with . or Enter, or press ? or * to list all spells.
Unknown command.
Press: ? - help, v - describe, . - travel
Here: an acid blob (fire blocked by a runed translucent door)
A viscous altar of Jiyva.
You open the door. The acid blob spits acid at you.
The splash of acid hits you. The acid corrodes you!
You are splashed with acid!
Your wolf bites the acid blob.
Your wolf is burned by acid!
The acid blob hits your wolf!!!
Your wolf dies!
Your wolf's corpse disappears in a puff of smoke!
The acid blob spits acid at you. The splash of acid hits you!
You are splashed with acid!
As you read the scroll of fog, it crumbles to dust.
The scroll dissolves into smoke.
Your transformation is almost over.
Okay, then.
As you read the scroll of teleportation, it crumbles to dust.
You feel strangely unstable. The acid blob spits acid at you.
The splash of acid hits you! The acid corrodes you!
You are splashed with acid!
* * * LOW HITPOINT WARNING * * *
The acid blob spits acid at you. The splash of acid hits you!
* * * LOW HITPOINT WARNING * * *
You are splashed with acid!!
You die...
Your body crumbles into a pile of gold.

##..## #.#.#.##### ###..# ##..#
####### #..... #.## ##..P# ##
#.P# ######.#.## .#####.##
#.#.####.## ...#.########### ###
#.........#
.....#...#.P##P###P#####.........
.....#>._'..§§J§...P#............
.....#...#§.§§§#s............)..#
.....######§.§####....##.........
..<.......##### ###.###P..#...##
##...P##.P# ### #####..##
#.######### #### ..# ###


You could see an acid blob.

Vanquished Creatures
  Kirke (Lair:5)
  Snorg (Lair:4)
  Josephine (D:14)
  8 hydras
  A boulder beetle (D:12)
  A centaur warrior (D:13)
  4 two-headed ogres
  A tengu warrior (D:14)
  Sonja (D:10)
  A deep troll (D:15)
  3 wizards (D:14)
  Pikel (D:9)
  A deep elf pyromancer (D:14)
  A necromancer (D:10)
  5 cyclopes
  An oklob plant (Lair:4)
  An orb spider (Lair:3)
  A manticore (D:13)
  2 ugly things
  4 elephants
  6 black mambas
  11 cane toads
  3 rime drakes
  A freezing wraith (D:15)
  A kobold demonologist (D:12)
  3 komodo dragons
  A tengu conjurer (D:14)
  3 polar bears
  A hornet (D:10)
  A troll (D:14)
  4 slime creatures
  A dream sheep (shapeshifter) (D:14)
  10 blink frogs
  A vampire (D:11)
  4 wraiths
  4 wyverns
  34 yaks
  A hog (Lair:5)
  A shadow (D:9)
  11 humans (D:14)
  A steam dragon (Lair:4)
  3 basilisks
  Grum (D:10)
  A basilisk (shapeshifter) (D:10)
  4 wargs
  2 acid dragons
  12 water moccasins
  3 orc warriors
  2 black bears
  An ogre (D:7)
  An ice beast (D:6)
  A necrophage (D:7)
  7 wolves
  3 centaurs
  A phantom (D:6)
  4 kobold brigands
  2 nameless horrors
  8 bullfrogs
  A wyvern zombie (D:9)
  2 scorpions
  A water moccasin zombie (D:6)
  6 killer bees (D:9)
  A wight (D:7)
  2 howler monkeys (D:9)
  6 electric eels (D:6)
  3 centaur zombies
  A hound (D:5)
  A jelly (D:5)
  2 orc priests
  3 iguanas
  Jessica (D:3)
  5 orc wizards
  4 hell rats (Lair:6)
  A polar bear simulacrum (D:10)
  A yak simulacrum (D:10)
  3 killer bee zombies
  3 wolf simulacra (D:10)
  6 adders
  3 white imps
  2 worms (D:3)
  3 dart slugs (D:4)
  18 orcs
  2 ball pythons
  4 bats
  7 endoplasms
  5 giant cockroaches
  11 goblins
  11 hobgoblins
  11 jackals
  10 kobolds
  2 quokkas
  7 frilled lizards
  4 rats
  5 river rat simulacra (D:10)
357 creatures vanquished.

Vanquished Creatures (collateral kills)
  2 bog bodies (Lair:4)
  A cyclops (D:14)
  3 elephants (Lair:4)
  A komodo dragon (D:10)
  3 blink frogs
  2 slime creatures (D:15)
  A wyvern (D:8)
  2 hogs (Lair:5)
  17 yaks
  A basilisk (Lair:4)
  4 humans (D:14)
  2 water moccasins
  A black bear (D:6)
  An orc warrior (D:9)
  A wolf (Lair:1)
  A centaur (D:13)
  A scorpion (D:6)
  A water moccasin skeleton (D:4)
  A howler monkey (D:4)
  3 wights (D:7)
  A bullfrog zombie (D:5)
  A hound (D:6)
  3 iguanas
  A yak simulacrum (D:10)
  3 howler monkey zombies
  2 adders
  A white imp (D:5)
  2 nameless horrors (D:6)
  An ufetubus (D:6)
  An adder zombie (D:5)
  5 orcs (D:9)
  2 kobolds (D:8)
72 creatures vanquished.

Vanquished Creatures (others)
  A wizard (D:14)
  A human (D:14)
  A wight (D:7)
  35 fungi
  47 plants
85 creatures vanquished.

Grand Total: 514 creatures vanquished

Notes
Turn   | Place    | Note
-------+----------+-------------------------------------------
     0 | D:1      | quinnr the Deep Elf Air Elementalist began the quest for
                  | the Orb.
     0 | D:1      | Reached XP level 1. HP: 10/10 MP: 6/6
   183 | D:1      | Reached XP level 2. HP: 15/16 MP: 5/8
   495 | D:1      | Found a faded altar of an unknown god.
  1003 | D:1      | Learned a level 2 spell: Static Discharge
  1021 | D:1      | Reached XP level 3. HP: 20/20 MP: 0/9
  1636 | D:1      | Reached skill level 3 in Dodging
  1875 | D:1      | Reached skill level 1 in Fighting
  2736 | D:3      | Found a bloodstained altar of Trog.
  2736 | D:3      | Found a glowing golden altar of the Shining One.
  2736 | D:3      | Found an ornate altar of the Wu Jian Council.
  2791 | D:3      | Reached XP level 4. HP: 25/25 MP: 8/12
  2852 | D:3      | Learned a level 3 spell: Call Canine Familiar
  2894 | D:3      | Reached skill level 1 in Summonings
  3036 | D:3      | Found a hide-covered altar of Uskayaw.
  3376 | D:3      | Found an iron altar of Okawaru.
  3614 | D:3      | Noticed Jessica
  3631 | D:3      | Killed Jessica
  3632 | D:3      | Reached XP level 5. HP: 17/29 MP: 2/13
  3766 | D:3      | Found a shimmering blue altar of Sif Muna.
  3910 | D:3      | Became a worshipper of Sif Muna the Loreminder
  4494 | D:4      | Learned a level 4 spell: Airstrike
  4796 | D:4      | Found an opulent altar of Gozag.
  4845 | D:4      | Fell from the grace of Sif Muna
  4845 | D:4      | Became a worshipper of Gozag Ym Sagoz the Greedy
  5360 | D:4      | quinnr: ??wrath
  5360 | D:4      | beem: penance[1/3]: With every god (not just yours), you
                  | have a penance number, which can be increased for long-term
                  | punishment. For every 1% of an XL you gain, there's a 10%
                  | chance of any particular god angry at you attempting divine
                  | retribution in the next 200 aut (on average); you then lose
                  | 1d3 points of penance for that god.
  5360 | D:4      | quinnr: ??sif muna
  5360 | D:4      | beem: sif muna[1/4]: God of magic and knowledge: 1*:
                  | {channel magic}, 3*: {amnesia}, 4*: {divine exegesis}, 5*:
                  | book gifts (see {book acquirement}). Piety is gained from
                  | kills.
  5360 | D:4      | quinnr: ??sif muna[4
  5360 | D:4      | beem: sif muna[4/4]:
                  | https://www.youtube.com/watch?v=tReTlabrCPI
  5360 | D:4      | quinnr: ??sif muna[3
  5360 | D:4      | beem: sif muna[3/4]: Prior to 0.19, divine energy didn't
                  | exist and channel magic was given at 1*. It didn't cost
                  | piety or use a duration, but had to be used repeatedly. The
                  | amount of MP returned was based on invocations skill. Piety
                  | was gained soley from training magic skills.
  5360 | D:4      | quinnr: ??sif muna[2
  5360 | D:4      | beem: sif muna[2/4]: In 0.24, {divine energy} was given at
                  | 1* instead of channel magic, which was given at 3*. Divine
                  | exegesis didn't exist and {miscast protection} was given at
                  | 2* instead. Piety was given 2/3 from training magic skills
                  | (including spellcasting} and 1/3 from kills. Neither
                  | aptitudes nor the level of skill influenced piety rewarded.
  5360 | D:4      | quinnr: ??sif muna[1
  5360 | D:4      | beem: sif muna[1/4]: God of magic and knowledge: 1*:
                  | {channel magic}, 3*: {amnesia}, 4*: {divine exegesis}, 5*:
                  | book gifts (see {book acquirement}). Piety is gained from
                  | kills.
  5370 | D:4      | Found a faded altar of an unknown god.
  5370 | D:4      | Found a hazy altar of Hepliaklqana.
  5511 | D:4      | Reached XP level 6. HP: 34/34 MP: 9/14
  5544 | D:4      | Found a faded altar of an unknown god.
  5658 | D:5      | Entered Level 5 of the Dungeon
  5832 | D:5      | Identified the +2 glaive "Ateg" {venom, +Rage rN+}
  6833 | D:5      | quinnr: ??penance
  6833 | D:5      | beem: penance[1/3]: With every god (not just yours), you
                  | have a penance number, which can be increased for long-term
                  | punishment. For every 1% of an XL you gain, there's a 10%
                  | chance of any particular god angry at you attempting divine
                  | retribution in the next 200 aut (on average); you then lose
                  | 1d3 points of penance for that god.
  6833 | D:5      | quinnr: ??penance(2
  6833 | D:5      | beem: I don't have a page labeled penance(2 in my learndb.
  6833 | D:5      | quinnr: ??penance[2
  6833 | D:5      | beem: penance[2/3]: There is a chance that divine
                  | retribution will confuse or slow you in addition to the
                  | normal effects, which can be found in ?? wrath.
  6833 | D:5      | quinnr: ??penance[3
  6833 | D:5      | beem: penance[3/3]: Penance also denies the use of most
                  | (active or passive) abilities.
  6833 | D:5      | quinnr: ??sif muna wrath
  6833 | D:5      | beem: sif muna wrath[1/1]: ABANDONMENT: 50 penance.
                  | RETRIBUTION: Reduce penance by 1 extra. 20% INT drain, 30%
                  | confusion, 20% divination miscast, 20% mana drain (100
                  | points), 10% cancellation of all temporary magic (including
                  | flight!) OTHER: While in penance, all spell casts have a 5%
                  | chance of terrible failure (guaranteed miscast, increased
                  | severity).
  6908 | D:6      | Noticed a nameless horror
  7097 | D:5      | Killed a nameless horror
  7598 | D:6      | Noticed an ice beast
  7619 | D:6      | Reached skill level 4 in Dodging
  7619 | D:6      | Reached skill level 5 in Spellcasting
  7741 | D:6      | Reached XP level 7. HP: 38/38 MP: 7/16
  7807 | D:6      | Reached skill level 5 in Dodging
  7807 | D:6      | Reached skill level 5 in Summonings
  8242 | D:6      | Reached skill level 6 in Dodging
  8500 | D:6      | Found a staircase to the Ecumenical Temple.
  8580 | D:6      | Noticed a yak
  8604 | D:6      | Killed a yak
  8615 | Temple   | Entered the Ecumenical Temple
  8871 | D:6      | Reached XP level 8. HP: 44/44 MP: 9/17
  9560 | D:6      | Reached skill level 5 in Air Magic
  9688 | D:6      | Was forgiven by Sif Muna
 10399 | D:6      | Identified the +12 falchion of Durable Reinforcement {elec,
                  | Int+2}
 10710 | D:7      | Reached skill level 1 in Long Blades
 11033 | D:7      | Found a sparkling altar of Nemelex Xobeh.
 11035 | D:7      | Found a white marble altar of Elyvilon.
 12561 | D:8      | Reached XP level 9. HP: 52/52 MP: 2/19
 12722 | D:8      | Found a burning altar of Makhleb.
 12939 | D:8      | Found an ancient bone altar of Kikubaaqudgha.
 13345 | D:9      | Found a staircase to the Orcish Mines.
 13642 | D:10     | Entered Level 10 of the Dungeon
 13755 | D:10     | Reached skill level 7 in Dodging
 13757 | D:10     | Reached skill level 8 in Dodging
 13995 | D:10     | Noticed a two-headed ogre
 14008 | D:10     | Killed a two-headed ogre
 14099 | D:10     | You fall into a shaft and drop 1 floor!
 14101 | D:11     | Noticed a cyclops
 14196 | D:11     | Reached skill level 1 in Evocations
 14238 | D:11     | Reached XP level 10. HP: 40/56 MP: 2/22
 14564 | D:11     | Noticed a cyclops
 14698 | D:11     | Killed a cyclops
 14753 | D:11     | Noticed a four-headed hydra
 14758 | D:11     | Killed a four-headed hydra
 14759 | D:11     | Reached skill level 10 in Air Magic
 14759 | D:11     | Reached skill level 5 in Evocations
 15036 | D:11     | Found Nupsari's Armour Boutique.
 15046 | D:11     | Killed a cyclops
 15047 | D:11     | Reached skill level 1 in Armour
 15194 | D:11     | Reached skill level 5 in Stealth
 15488 | D:11     | Found Aqiosigh's Weapon Shoppe.
 15492 | D:11     | Noticed a green ugly thing
 15496 | D:11     | Killed a green ugly thing
 15614 | D:11     | Noticed a cyclops
 15632 | D:11     | Killed a cyclops
 16264 | D:12     | You fall into a shaft and drop 3 floors!
 16264 | D:15     | Entered Level 15 of the Dungeon
 16579 | D:15     | Noticed a boulder beetle
 16740 | D:15     | Noticed a centaur warrior
 16749 | D:15     | Noticed a tengu warrior
 17085 | D:15     | Reached XP level 11. HP: 62/62 MP: 4/23
 17209 | D:15     | Noticed a deep troll
 17213 | D:15     | Noticed an ettin
 17216 | D:15     | Killed a deep troll
 17227 | D:15     | Noticed a wizard
 17290 | D:14     | Noticed a wizard
 17295 | D:14     | Killed a wizard
 17446 | D:14     | Noticed a tengu warrior
 17453 | D:14     | Killed a tengu warrior
 17454 | D:14     | Reached skill level 5 in Fighting
 17454 | D:14     | Reached skill level 9 in Dodging
 17702 | D:14     | Noticed Josephine
 17710 | D:14     | Killed Josephine
 17740 | D:14     | Noticed a centaur warrior
 17746 | D:14     | a centaur warrior changed into a yak
 17776 | D:14     | Noticed a deep elf pyromancer
 17786 | D:14     | Killed a deep elf pyromancer
 18023 | D:13     | Noticed Nessos
 18433 | D:14     | Reached skill level 10 in Dodging
 19112 | D:14     | Noticed a wizard
 19329 | D:14     | Noticed a wizard
 19333 | D:14     | Killed a wizard
 19336 | D:14     | Noticed a wizard
 19339 | D:14     | Killed a wizard
 19340 | D:14     | Reached XP level 12. HP: 71/71 MP: 7/24
 19341 | D:14     | Noticed a vault guard
 19486 | D:14     | Noticed a vault guard
 19869 | D:13     | Noticed a centaur warrior
 19877 | D:13     | Reached skill level 11 in Dodging
 19879 | D:13     | Killed a centaur warrior
 20457 | D:12     | Noticed a two-headed ogre
 20461 | D:12     | Killed a two-headed ogre
 20462 | D:12     | Reached skill level 12 in Dodging
 20560 | D:12     | Noticed a boulder beetle
 20572 | D:12     | Killed a boulder beetle
 20750 | D:12     | Noticed a two-headed ogre
 20763 | D:12     | Killed a two-headed ogre
 21166 | D:12     | Noticed a two-headed ogre
 21172 | D:12     | Killed a two-headed ogre
 21393 | D:12     | Noticed a death knight
 21478 | D:10     | Noticed Grum
 21482 | D:10     | Noticed Sonja
 21486 | D:10     | Killed Grum
 21646 | D:10     | Killed Sonja
 22129 | D:10     | Reached skill level 1 in Throwing
 22483 | D:10     | quinnr: ??gozag
 22483 | D:10     | beem: gozag[1/7]: The greedy god of gold. Turns corpses
                  | into gold, which gives a distraction status that may cause
                  | enemies to lose turns. Lets you use {potion petition}, lets
                  | you {call merchant}s, and lets you {bribe branch}es. Does
                  | not have a normal piety system.
 22483 | D:10     | quinnr: ??gozag[2
 22483 | D:10     | beem: gozag[2/7]: Joining Gozag costs some gold, based on
                  | the amount of gold generated in the game so far. On
                  | conversion all abilities are available, as long as you have
                  | enough gold.
 22483 | D:10     | quinnr: ??gozag[3
 22483 | D:10     | beem: gozag[3/7]:
                  | https://crawl.develz.org/wiki/doku.php?id=dcss:brainstorm:g
                  | od:propose:gold
 22483 | D:10     | quinnr: ??gozag[4
 22483 | D:10     | beem: gozag[4/7]: actually i wanted to try out the money
                  | god its shit and boring af some dev must really love the
                  | god
 22483 | D:10     | quinnr: ??gozag[potion petition
 22483 | D:10     | beem: gozag[1/7]: The greedy god of gold. Turns corpses
                  | into gold, which gives a distraction status that may cause
                  | enemies to lose turns. Lets you use {potion petition}, lets
                  | you {call merchant}s, and lets you {bribe branch}es. Does
                  | not have a normal piety system.
 22483 | D:10     | quinnr: ??potion petition
 22483 | D:10     | beem: potion petition[1/2]: Lets you buy one of three
                  | random lists of potion effects, with price depending on the
                  | number and type of potions offered (approximately 200 -
                  | 1000 gold). Possible potions: heal wounds, curing, magic,
                  | resistance, berserk, might, brilliance, agility, flight,
                  | invisibility.
 22483 | D:10     | quinnr: ??potion petition[2
 22483 | D:10     | beem: potion petition[2/2]: Prior to 0.26, potion petition
                  | was free the first time it was used.
 22483 | D:10     | quinnr: ??bribe branch
 22483 | D:10     | beem: bribe branch[1/2]: Gozag ability which costs 3000
                  | gold. While active, monsters have a chance to become either
                  | friendly or "good-neutral" (like freed slaves) when seeing
                  | you, until your money wears out, upon which time they
                  | become pacified.
 22483 | D:10     | quinnr: ??bribe branch[2
 22483 | D:10     | beem: bribe branch[2/2]: You can bribe a branch while
                  | standing on the entrance to it!
 22885 | D:9      | Found a staircase to the Lair.
 23118 | D:9      | Reached skill level 1 in Invocations
 23282 | D:9      | Found a broken altar of Ashenzari.
 23441 | D:9      | Noticed Pikel
 23447 | D:9      | Killed Pikel
 24372 | D:9      | Reached skill level 13 in Dodging
 24827 | Lair:1   | Entered Level 1 of the Lair of Beasts
 25316 | Lair:1   | Reached XP level 13. HP: 62/76 MP: 23/28
 25817 | Lair:1   | Got the Tome of the Rocks and Venom
 25822 | Lair:1   | Learned a level 3 spell: Mephitic Cloud
 25826 | Lair:1   | Learned a level 3 spell: Spider Form
 28321 | Lair:3   | Reached skill level 10 in Spellcasting
 28500 | Lair:3   | Found a hole to the Spider Nest.
 28661 | Lair:3   | You fall into a shaft and drop 3 floors!
 28661 | Lair:6   | Entered Level 6 of the Lair of Beasts
 28684 | Lair:6   | Reached skill level 10 in Stealth
 29321 | Lair:5   | HP: 7/76 [yak (8)]
 29347 | Lair:5   | HP: 7/76 [water moccasin (4)]
 29349 | Lair:5   | HP: 2/76 [yak (8)]
 29900 | Lair:4   | Noticed Snorg
 30903 | Lair:3   | Reached skill level 5 in Invocations
 31546 | Lair:4   | Found a staircase to the Swamp.
 31552 | Lair:4   | Reached skill level 14 in Dodging
 33118 | Lair:4   | Killed Snorg
 33119 | Lair:4   | Reached XP level 14. HP: 62/82 MP: 10/30
 33758 | Lair:5   | Reached skill level 1 in Transmutations
 33964 | Lair:5   | Found a runed translucent door.
 33965 | Lair:5   | Found a viscous altar of Jiyva.
 33967 | Lair:5   | Found a staircase to the Slime Pits.
 33967 | Lair:5   | Noticed an acid blob
 34060 | Lair:5   | Noticed Kirke
 34224 | Lair:5   | Killed Kirke
 34869 | Lair:5   | Got Xuulow's Catalogue of the Freezing Entourage
 36109 | Lair:5   | Splashed by an acid blob's acid

Illustrated notes

Levels and vault maps discovered:
D:1:      dpeg_arrival_renting, layout_loops_ring,
          chequers_ecumenical_altar_lobes, chequers_serial_rivers_small_b,
          minmay_lizard_king
D:2:      layout_loops_ring
D:3:      layout_basic, chequers_temple_overflow_statue_of_worship,
          okawaru_metal_pillars_1_2, amcnicky_altar_gilded, tgw_sif
D:4:      layout_basic, marbit_many_paths,
          nicolae_hepliaklqana_ecumenical_no_more, dk_noncrumbling_4
D:5:      layout_basic, amcnicky_mini_pool_small, minmay_misc_feat_hallway,
          minmay_holes, minmay_misc_feat_enclosed
D:6:      cheibrodos_two_vegetables, layout_rooms,
          minmay_temple_entry_glassed_door
D:7:      layout_basic, mainiacjoe_overflow_catwalk_spiral, kennysheep_potato
D:8:      layout_cave_pools, general_overflow_altar, kennysheep_mini_moat,
          enter_bailey_4
D:9:      layout_grid_maze, nicolae_overflow_crystal_walls,
          erik_lair_orcish_takeover, orc_0_dummy, uniq_pikel
D:10:     layout_roguey, eino_house_with_fridge, uniq_grum, uniq_sonja
D:11:     layout_layer_cave, serial_shops, shop, shop
D:12:     layout_roguey, chequers_arboretum
D:13:     layout_basic, uniq_nessos
D:14:     layout_layer_cave, grunt_vaults_entry_tiered, minmay_misc_feat_tower,
          minmay_sticks_and_stones, uniq_josephine
D:15:     hangedman_depths_entry_civil_slaughter, layout_loops_ring,
          minmay_misc_feat_square, minivault_19
Temple:   jpeg_temple_island
Lair:1:   layout_small_grid, beast_lair_carwin_9, grunt_megastairs_1
Lair:2:   layout_cave_shapes
Lair:3:   layout_chaotic_city, nicolae_spider_entry_orb_guardian,
          serial_bayou_shore_b
Lair:4:   layout_cave_pods, skrybe_swamp_entry_bodies, minivault_27,
          chequers_serial_rivers_room_b, hibernation_bobbens, uniq_snorg
Lair:5:   layout_roguey, slime_altar_2, uniq_kirke
Lair:6:   hangedman_lair_in_review, layout_hall_layers, wormcave,
          infiniplex_staircase_pool

Skill      XL: |  1  2  3  4  5  6  7  8  9 10 11 12 13 14 |
---------------+-------------------------------------------+-----
Stealth        | 3 4 6 7 9 10 | 10.0
Dodging        | 3 4 6 8 10 13 14 | 14.3
Fighting       | 1 2 4 6 7 |  7.0
Conjurations   | 2 |  2.0
Spellcasting   | 4 5 7 9 10 | 10.0
Summonings     | 2 4 5 7 |  7.8
Air Magic      | 4 7 9 10 12 | 12.0
Long Blades    | 2 |  2.0
Evocations     | 2 5 8 9 |  9.0
Armour         | 2 |  2.0
Throwing       | 2 4 |  4.0
Invocations    | 1 5 |  5.0
Transmutations | 2 |  2.8

Action                   |  1- 3 |  4- 6 |  7- 9 | 10-12 | 13-15 || total
-------------------------+-------+-------+-------+-------+-------++-------
Melee: Unarmed           |    18 |     3 |       |       |   118 ||   139
       Glaive            |       |    10 |    10 |       |       ||    20
       Falchion          |       |       |    10 |    32 |       ||    42
       Staff             |       |       |       |       |    36 ||    36
 Cast: Shock             |   111 |   137 |    97 |   146 |   122 ||   613
       Call Canine Famil |       |    23 |    33 |    74 |    63 ||   193
       Static Discharge  |       |     3 |       |       |       ||     3
       Airstrike         |       |     4 |    54 |   219 |   220 ||   497
       Spider Form       |       |       |       |       |    24 ||    24
       Mephitic Cloud    |       |       |       |       |     8 ||     8
 Abil: Evoke Berserk Rag |       |       |     1 |       |       ||     1
Evoke: Wand              |       |     1 |     4 |    13 |     6 ||    24
       Condenser vane    |       |       |       |     2 |     2 ||     4
       Phial of floods   |       |       |       |     1 |     1 ||     2
  Use: Scroll            |     5 |     5 |    13 |     9 |    15 ||    47
       Potion            |       |     1 |     1 |     7 |     9 ||    18
 Stab: Distracted        |       |     1 |       |     2 |     4 ||     7
       Sleeping          |       |       |     1 |       |       ||     1
       Paralysed         |       |       |       |     2 |       ||     2
       Confused          |       |       |       |       |     1 ||     1
Armor: Robe              |    11 |     4 |     7 |    26 |    26 ||    74
       Skin              |       |       |       |       |     4 ||     4
Dodge: Dodged            |    32 |    27 |    51 |   128 |   396 ||   634
       Rpst.: Falchion   |       |       |    10 |    36 |       ||    46
